[Event "Late-Titled-Tuesday-Blitz-March-12-2024"]
[Site "Chess.com"]
[Date "2024.03.12"]
[Round "8"]
[White "IngOscarArdila"]
[Black "Kavyev_Ruslan"]
[Result "1-0"]
[WhiteElo "2350"]
[BlackElo "2485"]
[TimeControl "180+1"]
[EndTime "15:27:42 PDT"]
[Termination "IngOscarArdila won by checkmate"]

1. d4 d5 2. c4 e6 3. Nc3 Nf6 4. Bg5 Be7 5. Nf3 Nbd7 6. Qc2 c5 7. e3 h6 8. Bh4 O-O 9. Be2 a6 10. a4 cxd4 11. Nxd4 Ne5 12. cxd5 Nxd5 13. Bxe7 Nxe7 14. O-O Qc7 15. Rac1 N7c6 16. Rfd1 Bd7 17. f4 Nxd4 18. Rxd4 Nc6 19. Rd2 Rfd8 20. Rcd1 Be8 21.
Bf3 Rxd2 22. Rxd2 Rd8 23. Ne4 Qb6 24. Kf2 e5 25. Rxd8 Qxd8 26. g3 Nb4 27. Qc3 Nd3+ 28. Ke2 Bxa4 29. Kf1 Bb5 30. Be2 exf4 31. gxf4 Qd7 32.
Kg2 Qd5 33. Bf3 Bc6 34. Nf6+ gxf6 35. Bxd5 Bxd5+ 36. Kf1 Be4 37. Qxf6 Kh7 38. Qxf7+ Kh8 39. Qf6+ Kg8 40. h4 Bh7 41. Qe6+ Kg7 42. Qe7+ Kh8 43.
Qxb7 Nc5 44. Qc8+ Kg7 45. Qxc5 Kf6 46. Qe5+ Kf7 47. Qc7+ Kg6 48. Qb6+ Kg7 49. Qxa6 Bg6 50. Qb7+ Bf7 51. Qc7 Kg8 52. Qe5 Kf8 53. f5 Bh5 54. f6 Bf7 55. Qe7+ Kg8 56. e4 Bh5 57. Qg7# 1-0

[Event "Late-Titled-Tuesday-Blitz-March-12-2024"]
[Site "Chess.com"]
[Date "2024.03.12"]
[Round "8"]
[White "GWR2024"]
[Black "wild3000"]
[Result "1/2-1/2"]
[WhiteElo "2186"]
[BlackElo "2391"]
[TimeControl "180+1"]
[EndTime "15:27:43 PDT"]
[Termination "Game drawn - insufficient material"]

1. e4 a6 2. d4 b5 3. c4 Bb7 4.
d5 e6 5. Nc3 Nf6 6. Bg5 b4 7.
Nce2 Be7 8. Ng3 Nxd5 9. exd5 Bxg5 10. Nf3 Bf6 11. Rb1 O-O 12. Be2 d6 13. O-O Nd7 14. Nd4 exd5 15. Bf3 c6 16. cxd5 cxd5 17. Ndf5 Nb6 18. Ne3 Be5 19. Nxd5 Nxd5 20. Bxd5 Bxd5 21. Qxd5 Rc8 22. Ne4 Re8 23. f4 Bf6 24. Rfd1 Rc2 25. Qd3 Rxb2 26. Rxb2 Bxb2 27. Nxd6 Qb6+ 28. Kh1 Rf8 29.
Nc4 Qf6 30. Nxb2 Qxb2 31. Qxa6 h5 32. h3 Re8 33. Qd3 Re2 34. Qd8+ Kh7 35. Qd5 g6 36.
Qxf7+ Qg7 37. Qxg7+ Kxg7 38. Rb1 Re4 39. g3 h4 40. Kg2 Kf6 41. Kf3 Rc4 42. g4 Rc3+ 43. Ke4 Rxh3 44. Rxb4 Ra3 45. Rb6+ Kg7 46. Rb2 h3 47. f5 Rg3 48. Kf4 Rg2 49. Rb3 h2 50. Rh3 gxf5 51. Kxf5 Rxa2 52. g5 Rf2+ 53. Kg4 Kg6 54.
Rh6+ Kg7 55. Rh3 Kg6 56. Rh6+ Kg7 57. Kg3 Ra2 58. Rxh2 Rxh2 59. Kxh2 Kg6 60. Kg3 Kxg5 1/2-1/2

[Event "Late-Titled-Tuesday-Blitz-March-12-2024"]
[Site "Chess.com"]
[Date "2024.03.12"]
[Round "8"]
[White "sorch29"]
[Black "Thjop"]
[Result "1-0"]
[WhiteElo "2464"]
[BlackElo "2649"]
[TimeControl "180+1"]
[EndTime "15:27:44 PDT"]
[Termination "sorch29 won on time"]

1. d4 Nf6 2. c4 g6 3. Nf3 Bg7 4.
Nc3 O-O 5. e4 d6 6. Be2 e5 7. d5 a5 8. Bg5 h6 9. Be3 Na6 10. Nd2 Nd7 11. g4 Qh4 12. h3 Ndc5 13.
Nf3 Qe7 14. Qd2 Kh7 15. O-O-O f5 16. gxf5 gxf5 17. exf5 Bxf5 18. h4 Nb4 19. Rdg1 Nxa2+ 20. Kd1 Nxc3+ 21. Qxc3 Be4 22. Rh3 Rg8 23. Ng5+ Kh8 24.
Nxe4 Nxe4 25. Qc2 Nf6 26. Rhg3 Bf8 27. Rg6 Qh7 28. h5 Re8 29. Rxg8+ Nxg8 30. Rg6 Ne7 31. Re6 Qxc2+ 32. Kxc2 Kg8 33. Bd3 Ra8 34. Bxh6 b6 35. Bxf8 Kxf8 36. h6 Kf7 37. h7 Rh8 38. Rh6 Kg7 39. Rh5 Kf6 40. Kb3 Kg7 41. Ka4 Ra8 42. Kb5 Kh8 43. b3 a4 44. bxa4 Ra5+ 45. Kb4 Ra8 46. Rh6 Kg7 47. Re6 Kf7 48. Rh6 Kg7 49.
Rh2 Rh8 50. Rg2+ Kf7 51. Kb5 Ra8 52. Rh2 Rh8 53. Ka6 1-0

[Event "Late-Titled-Tuesday-Blitz-March-12-2024"]
[Site "Chess.com"]
[Date "2024.03.12"]
[Round "8"]
[White "CrushingKings"]
[Black "TheAlienParty"]
[Result "1-0"]
[WhiteElo "2599"]
[BlackElo "2395"]
[TimeControl "180+1"]
[EndTime "15:27:44 PDT"]
[Termination "CrushingKings won by resignation"]

1. Nf3 d5 2. g3 Nf6 3. Bg2 Bf5 4. O-O c6 5. d3 Nbd7 6. Nh4 Bg4 7. h3 Bh5 8. g4 Bg6 9. f4 e6 10. Nxg6 hxg6 11.
e4 dxe4 12. dxe4 e5 13. f5 gxf5 14. exf5 Bc5+ 15. Kh1 Qb6 16. Nc3 Qb4 17. g5 Nh5 18. Ne4 O-O-O 19. Qg4 f6 20. a3 Qb6 21. b4 Be7 22.
Rf3 fxg5 23. Be3 Qc7 24. Bxg5 Ndf6 25. Bxf6 Bxf6 26. Re1 Kb8 27. Nc5 Nf4 28. Rxf4 exf4 29. Ne6 Qd6 30. Nxd8 Rxd8 31. Bf3 Rh8 32. Re4 Rh4 33. Qg2 Qd7 34. Bg4 Kc7 35. Rxf4 Qd6 36. Re4 Rh8 37. Re6 Qf4 38. Qe2 Qc1+ 39. Kg2 Rd8 40. Qf2 Rd2 41. Re2 Bd4 42. Qf4+ Kb6 43. Qxd2 Qg1+ 44. Kf3 Qh1+ 45. Kf4 Qf1+ 46. Kg5 Bf6+ 47.
Kg6 Qg1 48. Qe3+ Qxe3 49. Rxe3 Kb5 50. Re6 b6 51. Rxf6 gxf6 52. h4 a5 53. bxa5 Kxa5 54.
h5 Ka4 55. h6 Kxa3 56. h7 Kb2 57. h8=Q Kxc2 58. Qxf6 b5 59. Qxc6+ Kd2 60. Qxb5 1-0

[Event "Late-Titled-Tuesday-Blitz-March-12-2024"]
[Site "Chess.com"]
[Date "2024.03.12"]
[Round "8"]
[White "Sajkochess"]
[Black "tandaleo"]
[Result "1-0"]
[WhiteElo "2348"]
[BlackElo "2458"]
[TimeControl "180+1"]
[EndTime "15:27:44 PDT"]
[Termination "Sajkochess won on time"]

1. e4 c6 2. Nf3 d5 3. Nc3 Bg4 4. d4 g6 5. h3 Bxf3 6. Qxf3 dxe4 7. Nxe4 Bg7 8. Be3 Nd7 9. O-O-O Ngf6 10. Bc4 O-O 11.
g4 b5 12. Bd3 Rc8 13. h4 Qa5 14. Kb1 Nxe4 15. Bxe4 c5 16. h5 Nf6 17. Bb7 Rc7 18. dxc5 Qb4 19. c3 Qxg4 20. Qxg4 Nxg4 21. c6 Nxe3 22. fxe3 Be5 23. Rd5 Bd6 24. Rxb5 f5 25. b4 g5 26. h6 g4 27. Rd5 g3 28. c4 Rf6 29. Rg1 Bxb4 30. Rxg3+ Kf7 31. Rg7+ Ke6 32. Rxh7 f4 33. exf4 Rxf4 34. Ba6 Rh4 35. Bb5 a6 36. Ba4 Rxc4 37. Bb3 Kxd5 38. Bxc4+ Kxc4 39. Rg7 Bc3 40. Rg4+ Kb5 41. Rg3 Rxc6 42. h7 Be5 43.
Rg5 Rh6 44. Rxe5+ Ka4 45. Rxe7 a5 46. Kc2 Ka3 47. Ra7 Rh2+ 48. Kd3 Kxa2 49. Rxa5+ Kb3 50.
Ra7 Rh4 51. Rb7+ Ka4 52. Ke3 Ka5 53. Kf3 Ka6 54. Kg3 Rh6 55. Rg7 Kb6 56. Kg4 1-0

[Event "Late-Titled-Tuesday-Blitz-March-12-2024"]
[Site "Chess.com"]
[Date "2024.03.12"]
[Round "8"]
[White "MikaelyanArman"]
[Black "mishanick"]
[Result "0-1"]
[WhiteElo "2854"]
[BlackElo "3115"]
[TimeControl "180+1"]
[EndTime "15:27:46 PDT"]
[Termination "mishanick won by resignation"]

1. d4 Nf6 2. c4 e6 3. Nf3 d5 4. Nc3 Nbd7 5. cxd5 exd5 6. Bg5 h6 7. Bh4 c6 8. e3 g5 9. Bg3 Nh5 10. Qc2 Nxg3 11.
hxg3 Nb6 12. Bd3 Be6 13. O-O-O Qf6 14. Ne5 O-O-O 15. f4 Kb8 16. Rhf1 Bd6 17. Kb1 Rhg8 18. Rd2 Qe7 19. Rdf2 f6 20. Nf3 Bg4 21. Qc1 Bb4 22. Re1 c5 23. dxc5 Bxc5 24. Nd4 Rge8 25. Rff1 Rc8 26.
Qd2 Bb4 27. Ka1 Na4 28. Rc1 Qxe3 29. Qxe3 Rxe3 30. Bf5 Bxf5 31. Nxf5 Bxc3 32. Nxe3 Bxb2+ 33. Kb1 Bxc1 34. Rxc1 Nc3+ 35. Kb2 d4 36. Ng4 Rc6 37. Nxh6 Ra6 38. fxg5 fxg5 39. Nf5 Rxa2+ 40. Kb3 Rxg2 41. Nxd4 Nd5 42. Nf5 a6 43. Rd1 Nf6 44. Rd6 Ne4 45. Rd4 Re2 46. g4 Nf6 47. Nh6 Re4 48. Rd8+ Ka7 49.
Rf8 Nxg4 50. Nf5 Rf4 51. Rf7 Ne5 52. Rf6 Nd7 53. Rf7 g4 54. Kc3 Ne5 55. Rf8 g3 56. Kd2 g2 57. Rg8 g1=Q 58. Rxg1 Rxf5 59. Ke3 Nc6 60.
Ke4 Rb5 0-1

[Event "Late-Titled-Tuesday-Blitz-March-12-2024"]
[Site "Chess.com"]
[Date "2024.03.12"]
[Round "8"]
[White "Jospem"]
[Black "BilodeauA"]
[Result "0-1"]
[WhiteElo "3112"]
[BlackElo "3022"]
[TimeControl "180+1"]
[EndTime "15:27:47 PDT"]
[Termination "BilodeauA won by resignation"]

1. e4 e5 2. Nf3 Nc6 3. Nc3 Nf6 4. h3 Bb4 5. a3 Bxc3 6. dxc3 d6 7.
Bd3 O-O 8. Bg5 Be6 9. Qd2 Nb8 10. O-O-O Nbd7 11. Bh4 Qb8 12. Ng5 b5 13. f4 exf4 14. Qxf4 a5 15. Nf3 b4 16. e5 bxc3 17. bxc3 Nd5 18. Qe4 g6 19. Qe1 Nc5 20. Bc4 Na4 21. Bxd5 Qb2+ 22. Kd2 Bxd5 23. Ke3 c6 24. Bf6 Rfe8 25.
Qh4 Re6 26. Kf2 Nxc3 27. Qh6 Ne4+ 28. Kg1 Nxf6 29. exf6 Qxf6 30. Ng5 Re2 31. Qxh7+ Kf8 32. Qh6+ Qg7 33. Qxg7+ Kxg7 34. Rh2 Rxc2 35. g4 Rxh2 36. Kxh2 Rb8 37. h4 Rb2+ 38. Kh3 Rb3+ 39. Kh2 Rxa3 40. Re1 Ra2+ 41. Kg3 Ra3+ 42. Kh2 a4 43. Re7 Rc3 44. Ra7 a3 45. Nh3 a2 46. Nf4 Rc1 47.
Nxd5 a1=Q 48. Rxa1 Rxa1 49. Ne3 Ra3 50. Ng2 c5 51. h5 gxh5 52. gxh5 Kh6 53. Nf4 c4 54. Nd5 c3 55. Ne3 c2 56. Nf5+ Kh7 57. Ng3 c1=Q 58. Nf5 Qf4+ 59. Ng3 Qxg3+ 0-1

[Event "Late-Titled-Tuesday-Blitz-March-12-2024"]
[Site "Chess.com"]
[Date "2024.03.12"]
[Round "8"]
[White "Gryffindorac8"]
[Black "Herman-NY"]
[Result "0-1"]
[WhiteElo "2370"]
[BlackElo "2546"]
[TimeControl "180+1"]
[EndTime "15:27:47 PDT"]
[Termination "Herman-NY won by resignation"]

1. d4 Nf6 2. c4 g6 3. Nc3 Bg7 4. e4 d6 5. Nf3 O-O 6. h3 e5 7. d5 Nh5 8. g3 a5 9. Be2 Na6 10. Be3 Nc5 11. Nd2 Nf6 12. g4 Ne8 13. h4 f5 14. gxf5 gxf5 15. h5 f4 16. Bxc5 dxc5 17. h6 Bf6 18. Bg4 Nd6 19. Bxc8 Qxc8 20. Qh5 Kh8 21. O-O-O a4 22. Rdg1 c6 23. Rg2 a3 24.
b3 Qd8 25. Nf3 Qa5 26. Kc2 b5 27. Nd2 Qb4 28. Kd3 Rad8 29. Rg7 cxd5 30. Nxd5 bxc4+ 31. bxc4 Qb2 32. Rhg1 Qd4+ 33. Ke2 Nxe4 34. Rxh7+ Kxh7 35. Qg6+ Kh8 36. Qxe4 Qxe4+ 37. Nxe4 Bh4 38. Rg4 f3+ 39.
Ke3 Rxd5 40. cxd5 Bd8 41. Rg6 c4 42. Rc6 Kh7 43. Rxc4 Kxh6 44. Rc6+ Kh5 45. Ng3+ Kg4 46. Ke4 Bf6 47. d6 Bh4 48. Nh1 Rd8 49. Kd5 Kh3 50. d7 Kg2 51. Ke6 Kxh1 52. Rc2 Kg2 53. Rd2 e4 54. Rc2 e3 55. fxe3+ f2 56. Rxf2+ Kxf2 57. e4 Ke3 58. e5 Kd4 59. Kd6 Ke4 60.
e6 Kd4 61. e7 Bxe7+ 62. Kxe7 Rxd7+ 63. Kxd7 Kc3 64. Kc6 Kb2 65. Kb5 Kxa2 66. Kb4 Kb2 0-1

[Event "Late-Titled-Tuesday-Blitz-March-12-2024"]
[Site "Chess.com"]
[Date "2024.03.12"]
[Round "8"]
[White "Goryachkina"]
[Black "ArturoCaceres"]
[Result "1-0"]
[WhiteElo "2653"]
[BlackElo "2442"]
[TimeControl "180+1"]
[EndTime "15:27:48 PDT"]
[Termination "Goryachkina won by resignation"]

1. e4 c5 2. Nf3 Nc6 3. d4 cxd4 4. Nxd4 Nf6 5. Nc3 d6 6. Bg5 e6 7. Qd2 a6 8. O-O-O Bd7 9. f4 Be7 10. Kb1 Rc8 11. g4 b5 12. Bg2 h6 13. Bh4 Nxd4 14.
Qxd4 Rc4 15. Qd2 Nxg4 16. Bxe7 Qxe7 17. Bf3 Nf6 18. Rhg1 g6 19. e5 dxe5 20. fxe5 Nh7 21. Ne4 Ng5 22. Nf6+ Kf8 23. Nxd7+ Kg7 24. Be2 Rh4 25.
Nf6 Rxh2 26. Qe3 Rd8 27. a3 Rh3 28. Qf4 Rc8 29. Bd3 Rf3 30. Qg4 Rb8 31. Rh1 b4 32.
Qh4 Rh8 33. axb4 Rxf6 34. exf6+ Qxf6 35. Qc4 Rb8 36. Rhf1 Qe5 37. Qc3 Qxc3 38. bxc3 a5 39. b5 e5 40. c4 e4 41. Be2 f5 42. c5 Kf6 43. c6 Ke5 44. c7 Rf8 45. b6 Ne6 46.
Rd7 Nc5 47. Rd8 Rf6 48. c8=Q Rxb6+ 49. Kc1 Ne6 50. Re8 f4 51. Rxe6+ Rxe6 52. Qc5+ Kf6 53. Rxf4+ Kg7 54. Qc7+ Kg8 55. Qf7+ Kh8 56. Qf8+ 1-0

[Event "Late-Titled-Tuesday-Blitz-March-12-2024"]
[Site "Chess.com"]
[Date "2024.03.12"]
[Round "8"]
[White "chess_blitz00"]
[Black "Likvidator228"]
[Result "1/2-1/2"]
[WhiteElo "2468"]
[BlackElo "2605"]
[TimeControl "180+1"]
[EndTime "15:27:54 PDT"]
[Termination "Game drawn by repetition"]

1. Nf3 d5 2. e3 c6 3. b3 Bf5 4.
Bb2 e6 5. Be2 h6 6. O-O Nf6 7. c4 Nbd7 8. Nc3 Bd6 9. d3 O-O 10. Re1 e5 11. Bf1 Qe7 12. e4 dxe4 13. dxe4 Bh7 14. Qc2 a5 15. Rad1 Nc5 16. Ba3 Rad8 17.
Bxc5 Bxc5 18. Rxd8 Rxd8 19. h3 Bb4 20. Bd3 Nd7 21. Rd1 Nc5 22. Be2 f6 23. Rxd8+ Qxd8 24. Nd2 Bxc3 25. Qxc3 Nxe4 26. Nxe4 Bxe4 27. c5 Bd5 28. Bc4 Kf7 29. h4 Bxc4 30. Qxc4+ Qd5 31. Qc3 Qd1+ 32. Kh2 Qd4 33. Qxa5 Qxh4+ 34. Kg1 f5 35. Qb6 Qe7 36. a4 e4 37. Kf1 Qd7 38. g3 g5 39.
a5 f4 40. gxf4 gxf4 41. a6 bxa6 42. Qxa6 Qd1+ 43. Kg2 Qf3+ 44. Kg1 Qg4+ 45. Kf1 Qh3+ 46. Kg1 Qe6 47. Qb7+ Kf6 48. Qb8 Kg5 49. Qf8 e3 50.
Qg7+ Qg6 51. Qe7+ Kf5+ 52. Kf1 exf2 53. Kxf2 Qg3+ 54. Kf1 Qf3+ 55. Ke1 Qe3+ 56. Qxe3 fxe3 57. Ke2 Ke4 58. b4 Kd4 59. b5 Kxc5 60. bxc6 Kxc6 61.
Kxe3 Kd6 62. Kf4 Ke7 63. Kg4 Kf7 64. Kh5 Kg7 65. Kh4 Kg6 66. Kg4 h5+ 67. Kh4 Kh6 68. Kh3 Kg5 69. Kg3 h4+ 70. Kh3 Kh5 71. Kh2 Kg5 72. Kg2 Kh5 73. Kh2 Kg4 74. Kg2 Kh5 75.
Kh2 1/2-1/2

[Event "Late-Titled-Tuesday-Blitz-March-12-2024"]
[Site "Chess.com"]
[Date "2024.03.12"]
[Round "8"]
[White "cassoulet"]
[Black "egnfanclub"]
[Result "1/2-1/2"]
[WhiteElo "2768"]
[BlackElo "2384"]
[TimeControl "180+1"]
[EndTime "15:27:59 PDT"]
[Termination "Game drawn by repetition"]

1. d4 d5 2. Bf4 Nf6 3. e3 Bf5 4. Nf3 e6 5. Ne5 Nfd7 6. g4 Be4 7. f3 Bg6 8. h4 Nxe5 9. Bxe5 h5 10. g5 Nd7 11. Bh2 c5 12. Nc3 Be7 13. Qd2 cxd4 14.
exd4 O-O 15. Bd3 Bxd3 16. Qxd3 g6 17. O-O-O Nb6 18. Kb1 Nc4 19. Ne2 Qb6 20. Qb3 Rac8 21.
Qxb6 Nxb6 22. Rd3 Nc4 23. Bf4 b5 24. Nc3 a6 25. Bc1 Bd6 26. Ne2 Rc6 27. c3 a5 28. b3 Nb6 29. Bb2 b4 30. Rc1 Rfc8 31. cxb4 Bxb4 32. Rxc6 Rxc6 33. a3 Be1 34. Bc3 Bxh4 35.
f4 a4 36. Rh3 Bf2 37. Rf3 Bh4 38. Rh3 Bf2 39. bxa4 Nxa4 40. Bd2 Rc4 41. Rd3 h4 42. Ka2 Nb6 43. Kb3 Rc8 44. Rf3 Nc4 45. Bb4 Be3 46.
Rh3 Bf2 47. Rf3 Be3 48. Rh3 Bf2 49. Rh2 Be3 50. Rxh4 Nd2+ 51. Ka4 Ra8+ 52. Kb5 Nb3 53.
Bc5 Nxc5 54. dxc5 Rxa3 55. c6 Ra2 56. Nc3 Rb2+ 57. Ka4 Rb8 58. Nb5 Bb6 59. Rh3 Ra8+ 60. Kb4 Kf8 61. Nd6 Ke7 62. Nb7 Bc7 63. Kb5 Ra1 64. Rf3 Rb1+ 65. Ka6 Rc1 66. Kb5 Rb1+ 67. Kc5 Rc1+ 68. Kb5 Rb1+ 1/2-1/2

[Event "Late-Titled-Tuesday-Blitz-March-12-2024"]
[Site "Chess.com"]
[Date "2024.03.12"]
[Round "8"]
[White "platy3"]
[Black "Rud_2008"]
[Result "1/2-1/2"]
[WhiteElo "2961"]
[BlackElo "2787"]
[TimeControl "180+1"]
[EndTime "15:28:06 PDT"]
[Termination "Game drawn - insufficient material"]

1. e4 e5 2. Nf3 Nc6 3. Bc4 Bc5 4. d3 Nf6 5. O-O d6 6. a4 a6 7. Be3 O-O 8. h3 h6 9. Nbd2 Be6 10. Bxe6 fxe6 11.
c3 Ba7 12. Bxa7 Rxa7 13. d4 exd4 14. cxd4 e5 15. d5 Ne7 16. Rc1 Ng6 17. Qb3 Rf7 18.
Rfe1 Nh5 19. g3 Qd7 20. Kh2 b5 21. axb5 axb5 22. Ra1 Rxa1 23. Rxa1 Kh7 24. Rc1 Qe8 25.
Qe3 Qa8 26. Qe2 Qa7 27. Nf1 Kg8 28. Rc2 Qb8 29. Ne3 Ne7 30. Nxe5 Nxg3 31. Qg4 dxe5 32. Qxg3 Rf4 33. Ng4 Qd8 34. Nxh6+ Kf8 35. Ng4 Rxe4 36. f3 Rc4 37. Rd2 Rd4 38. Rg2 Qxd5 39. Ne3 Qf7 40. Qxe5 Qf4+ 41. Qxf4+ Rxf4 42. Kg3 Rd4 43. Rc2 c6 44.
Re2 Kf7 45. h4 Rb4 46. Ng4 Nf5+ 47. Kh3 Nd4 48. Re4 c5 49. Ne5+ Kg8 50. Nd3 Rc4 51. Nxc5 Nxf3 52. Rxc4 bxc4 53. Kg3 Nd4 54. Kf4 g6 55.
Ke5 Nf3+ 56. Kf6 Nxh4 57. Ne6 Nf3 58. Kxg6 Ne1 59. Kf5 Nd3 60. Ke4 Nxb2 61. Kd4 Kf7 62. Nc7 Kf6 63. Nd5+ Kf5 64. Ne3+ Kf4 65. Nxc4 1/2-1/2

[Event "Late-Titled-Tuesday-Blitz-March-12-2024"]
[Site "Chess.com"]
[Date "2024.03.12"]
[Round "8"]
[White "BogdanDeac"]
[Black "Polish_fighter3000"]
[Result "1-0"]
[WhiteElo "3096"]
[BlackElo "3137"]
[TimeControl "180+1"]
[EndTime "15:28:11 PDT"]
[Termination "BogdanDeac won on time"]

1. e4 c5 2. Nf3 d6 3. Bb5+ Nd7 4. d4 cxd4 5. Qxd4 e5 6. Qd3 h6 7. Nc3 Nf6 8. Be3 Be7 9. a4 O-O 10. O-O a6 11. Bc4 b6 12. Bd5 Rb8 13. Nd2 Qc7 14. Qc4 Qd8 15. Qd3 Ng4 16. Nc4 Qc7 17. h3 Nxe3 18.
Nxe3 Nc5 19. Qc4 Bd7 20. Rfd1 b5 21. axb5 axb5 22. Qb4 Rfc8 23. Bb3 Bf8 24. Ncd5 Qb7 25. c3 Na4 26. Bc2 Kh8 27. Ra3 Rc5 28. Rda1 Qc8 29. Bd3 g6 30. Qb3 h5 31. Qd1 Bh6 32. Qe2 Bxe3 33. Nxe3 Kg7 34. Nd5 Be6 35. Nb4 Nb6 36.
Ra7 Nc4 37. Na6 Rb7 38. Nxc5 dxc5 39. Rxb7 Qxb7 40. Bxc4 bxc4 41. Qe3 Qxb2 42. Re1 Qc2 43. Rc1 Qb2 44. Re1 Qc2 45. Qc1 Qd3 46. Re3 Qd6 47. Qc2 Qb6 48. Re1 Qb3 49. Rc1 Qa3 50. Rb1 Qa5 51. h4 Qa3 52. f3 Qa5 53. Qd2 Qa3 54. Rd1 Qb3 55. Rc1 Qa3 56. Re1 Qb3 57.
Kf2 Qa3 58. Kg3 Qb3 59. Re3 Qb8 60. Re1 Qb3 61. Ra1 Qb8 62. Ra6 Qb7 63. Qd6 Kf6 64.
Rb6 Qa7 65. Qd8+ Kg7 66. Rb8 g5 67. Qxg5+ 1-0

[Event "Late-Titled-Tuesday-Blitz-March-12-2024"]
[Site "Chess.com"]
[Date "2024.03.12"]
[Round "8"]
[White "HansOnTwitch"]
[Black "Anton_Demchenko"]
[Result "0-1"]
[WhiteElo "3103"]
[BlackElo "2970"]
[TimeControl "180+1"]
[EndTime "15:28:11 PDT"]
[Termination "Anton_Demchenko won by resignation"]

1. e4 e5 2. Nf3 Nc6 3. Bb5 a6 4. Ba4 Nge7 5. c3 Ng6 6. d4 exd4 7. Nxd4 Bc5 8. Be3 Nce5 9. Bb3 d6 10. h3 O-O 11. f4 Qh4+ 12. Bf2 Qxf4 13. Qe2 Qc1+ 14.
Qd1 Nd3+ 15. Kf1 Qxd1+ 16. Bxd1 Nxb2 17. Bb3 Nd3 18. Be3 Bb6 19. Nd2 Nc5 20. Bc2 Ne5 21. Ke2 Ba5 22. Nb1 Nc4 23. Bf2 Re8 24. Kf3 Bd7 25.
Re1 Ne5+ 26. Ke2 f5 27. Nb3 Bb5+ 28. Kd1 Ncd3 29. Re2 Nb2+ 30. Kc1 Bxe2 31. Kxb2 Bb6 32. Bxb6 Nc4+ 33. Kc1 Nxb6 34. exf5 Bf1 35. N1d2 Re1+ 36. Bd1 Bxg2 37. Kb2 Rae8 38. Nd4 Bxh3 39. N4f3 R1e3 40. Bb3+ d5 41. a4 c6 42. a5 Nd7 43. c4 Nc5 44.
Bd1 Bxf5 45. Nd4 Bg6 46. cxd5 cxd5 47. N2b3 Nd3+ 48. Ka3 Nc5 49. Kb4 Nxb3 50. Bxb3 Bf7 51. Kc5 Rc3+ 52. Kb6 Re4 53. Rd1 Rxd4 54. Rxd4 Rxb3+ 55. Kc7 Rb5 56. Rf4 g6 57. Kd6 Kg7 58. Ke7 Bg8 59. Rf8 Rxa5 60. Rc8 Rb5 61. Rc7 d4 62. Kd6+ Kh6 63. Rc1 Bd5 64. Ke5 Bc6+ 65. Kxd4 Kg7 66. Re1 h5 67. Re7+ Kh6 68. Rc7 h4 69. Rc8 Kg5 70.
Rh8 Rd5+ 71. Ke3 Rf5 72. Rd8 Rf3+ 73. Ke2 h3 74. Rh8 Kg4 0-1

[Event "Late-Titled-Tuesday-Blitz-March-12-2024"]
[Site "Chess.com"]
[Date "2024.03.12"]
[Round "8"]
[White "Witik"]
[Black "crazyluzhinTh3"]
[Result "1-0"]
[WhiteElo "2740"]
[BlackElo "2573"]
[TimeControl "180+1"]
[EndTime "15:28:13 PDT"]
[Termination "Witik won by resignation"]

1. e4 d6 2. d4 Nf6 3. Nc3 g6 4. g3 Bg7 5. Bg2 O-O 6. Nge2 e5 7. h3 exd4 8. Nxd4 Re8 9. O-O Nc6 10. Be3 Bd7 11.
f4 Nxd4 12. Bxd4 c5 13. Bf2 Bc6 14. Qd3 Qa5 15. Rfe1 Rad8 16. Rad1 b5 17. a3 b4 18. axb4 Qxb4 19. e5 dxe5 20. Qxd8 Bxg2 21. Kxg2 Rxd8 22. Rxd8+ Bf8 23. fxe5 Qb7+ 24. Kg1 Qc7 25. Rxf8+ Kxf8 26. exf6 Qc6 27. Ne4 h6 28. Bxc5+ Kg8 29. c3 g5 30.
Bd4 Qd7 31. Kg2 Qb7 32. b4 Kh7 33. g4 Qd5 34. Bxa7 Qa2+ 35. Bf2 Qa8 36. b5 Kg6 37. b6 h5 38. gxh5+ Kxh5 39. Bd4 Qc6 40. Kg3 Qb7 41.
Nf2 Qd5 42. Ng4 Qd6+ 43. Re5 Qc6 44. Be3 Kg6 45. Rxg5+ Kh7 46. Rh5+ Kg8 47. Nh6+ Kf8 48. Bc5+ Ke8 49. Bd4 Qc4 50. Re5+ Kd7 51. Ng4 Qd3+ 52. Kh4 Qd1 53. Re3 Kd6 54. Re7 Qc1 55. Rxf7 Kc6 56. Re7 Qd1 57. f7 Qf1 58. Rc7+ Kb5 59. b7 Qe1+ 60. Kg5 Qc1+ 61. Kf6 Qf4+ 62. Ke6 Qxc7 63. f8=Q Qc6+ 64. Qd6 Qe4+ 65. Ne5 Ka4 66. Qc6+ Qxc6+ 67. Nxc6 Ka3 68. b8=Q 1-0

[Event "Late-Titled-Tuesday-Blitz-March-12-2024"]
[Site "Chess.com"]
[Date "2024.03.12"]
[Round "8"]
[White "prochn"]
[Black "manitodeplomo"]
[Result "1-0"]
[WhiteElo "2480"]
[BlackElo "2668"]
[TimeControl "180+1"]
[EndTime "15:28:13 PDT"]
[Termination "prochn won by resignation"]

1. d4 g6 2. g3 Bg7 3. Bg2 c5 4. d5 d6 5. Nf3 Nf6 6. c4 b5 7.
cxb5 a6 8. bxa6 Bxa6 9. Nc3 Nbd7 10. O-O Nb6 11. Rb1 Nfd7 12. Qc2 Nc4 13. b3 Qa5 14.
bxc4 Qxc3 15. Qxc3 Bxc3 16. Bb2 Bxb2 17. Rxb2 Bxc4 18. Nd2 Bxe2 19. Re1 Ba6 20. Bh3 Ne5 21. Rb3 f5 22. f4 Nc4 23. Nf3 Kd7 24. Ng5 h6 25. Nf3 Rhb8 26. Nh4 Rxb3 27. axb3 Nd2 28. Re3 Rb8 29. Nxg6 Rxb3 30. Bxf5+ Ke8 31. Rxe7+ Kd8 32.
Rd7+ Ke8 33. Rxd6 Bd3 34. Bxd3 Rxd3 35. Ne5 Rd4 36. Rxh6 Rxd5 37. Kf2 c4 38. Rc6 c3 39. Ke2 Ne4 40. Ke3 Nd6 41. Rxc3 Ra5 42. Rd3 Nf5+ 43. Ke4 Ne7 44. g4 Ra4+ 45. Kf3 Ra1 46. h4 Rf1+ 47.
Kg3 Ng8 48. g5 Ne7 49. Kg4 Rg1+ 50. Kh3 Nf5 51. Rd2 Ke7 52. Re2 Kd6 53. Nf3 Rf1 54. Kg2 Ra1 55. Rd2+ Ke6 56. h5 Nd6 57. h6 Ne4 58. Re2 Kf5 59. Nd2 Nxd2 60. Rxd2 Kxf4 61. h7 Ra8 62. g6 Rh8 63. g7 Rxh7 64. g8=Q 1-0

[Event "Late-Titled-Tuesday-Blitz-March-12-2024"]
[Site "Chess.com"]
[Date "2024.03.12"]
[Round "8"]
[White "KorolDimitriy75"]
[Black "tarno17"]
[Result "1-0"]
[WhiteElo "2427"]
[BlackElo "2223"]
[TimeControl "180+1"]
[EndTime "15:28:14 PDT"]
[Termination "KorolDimitriy75 won by resignation"]

1. d4 d5 2. c4 e6 3. Nc3 Nf6 4. Bg5 Be7 5. cxd5 exd5 6. e3 h6 7. Bh4 O-O 8. Bd3 b6 9. Qc2 Bb7 10.
Nge2 Nbd7 11. O-O c5 12. Rad1 Rc8 13. f3 cxd4 14. Nxd4 Ne5 15. Bf5 Rc5 16. Rfe1 Nh5 17. Bf2 Bh4 18. Bh3 Qf6 19. Qf5 Qxf5 20. Nxf5 Bxf2+ 21. Kxf2 Ba6 22. Kg1 Nf6 23. Ne7+ Kh8 24. Nexd5 Nxd5 25. Rxd5 Nd3 26. Rxc5 bxc5 27. Re2 Rb8 28. b3 c4 29.
bxc4 Bxc4 30. Rd2 g5 31. Bf5 Ne5 32. h3 Kg7 33. e4 h5 34. Rd6 Rb2 35. Nd5 Rd2 36. Rd8 Bxd5 37. exd5 Rxa2 38. d6 Rd2 39. d7 Kf6 40. g4 hxg4 41. fxg4 Ke7 42. Re8+ Kf6 43. d8=Q+ Rxd8 44. Rxd8 Nf3+ 45. Kf2 Ne5 46. Rd6+ Ke7 47. Ra6 Nc4 48. Rxa7+ Kf6 49. Ra6+ Ke5 50. Ra7 f6 51. Kg3 Ne3 52. Re7+ Kd4 53. Re4+ Kd3 54. Re6+ Kd2 55. Rxf6 Nf1+ 56. Kf2 Ne3 57. Rg6 Nd1+ 58. Kg3 Ne3 59. Rxg5 Nf1+ 60. Kh4 Ke3 61. Rg7 Nh2 62. Kg5 Kf3 63. h4 Kg3 64. h5 Nf3+ 65. Kg6 Kf4 66.
h6 Nh4+ 67. Kf7 Ke5 68. h7 Nf3 69. h8=Q 1-0

[Event "Late-Titled-Tuesday-Blitz-March-12-2024"]
[Site "Chess.com"]
[Date "2024.03.12"]
[Round "8"]
[White "Grischuk"]
[Black "Marcan2b"]
[Result "1/2-1/2"]
[WhiteElo "3066"]
[BlackElo "2938"]
[TimeControl "180+1"]
[EndTime "15:28:18 PDT"]
[Termination "Game drawn by repetition"]

1. d4 Nf6 2. c4 e6 3. Bg5 Bb4+ 4.
Nd2 h6 5. Bh4 O-O 6. Nf3 b6 7.
a3 Bxd2+ 8. Nxd2 Bb7 9. e3 d6 10. f3 Nbd7 11. Be2 c5 12. b4 Qc7 13. O-O Rac8 14.
Rc1 Rfe8 15. Re1 Bc6 16. Nb1 e5 17. d5 Bb7 18. Nc3 a6 19. Bd3 Nh7 20. Qc2 Nhf8 21. b5 Ra8 22. Rb1 a5 23. Re2 Bc8 24. Rf1 g5 25.
Be1 Nf6 26. g4 N6h7 27. h4 f6 28. Rh2 Re7 29. hxg5 hxg5 30. Kg2 Ra7 31. Rfh1 Qd8 32. Rh6 Rg7 33. Kg1 Raf7 34. Kf1 f5 35. gxf5 g4 36.
fxg4 Rxg4 37. e4 Qg5 38. Qd2 Rf4+ 39. Bf2 R4xf5 40. Qxg5+ Rxg5 41. Rxd6 Nf6 42. Ke2 Rg2 43. Rg1 Bg4+ 44. Ke1 Rxf2 45. Kxf2 Nxe4+ 46. Ke3 Nxd6 47. Rxg4+ Kh8 48. Ne4 Nf5+ 49. Kd2 Rg7 50. Ng5 Nd4 51. Ke3 Kg8 52. Ke4 Nd7 53. Ke3 Nf6 54. Rg1 Nh5 55. Nh3 Ng3 56. Bb1 Kf8 57. Kf2 Nh5 58. Rxg7 Nxg7 59. Ke3 Ke7 60. Nf2 Ne8 61. Ne4 Nd6 62.
Nxd6 Kxd6 63. Be4 Nb3 64. Bc2 Nd4 65. Be4 Ke7 66. Bd3 Kf6 67. Be4 Nb3 68. Bc2 Nd4 69.
Be4 Ke7 70. Bd3 Kd6 71. Be4 1/2-1/2